 Dungeon Crawl Stone Soup version 0.31-a0-152-g6aa68a64a1 (webtiles) character file.

Game seed: 7603143055510006402

12338 IndexError the Thaumaturge (level 12, -17/93 HPs)
             Began as a Djinni Ice Elementalist on June 9, 2023.
             Was a Believer of Ashenzari.
             Demolished by a death yak simulacrum (41 damage)
             ... in an ice cave.
             The game lasted 00:30:31 (10562 turns).

IndexError the Thaumaturge (DjIE)                  Turns: 10562, Time: 00:30:31

Health: -17/93     AC: 21    Str:  7    XL:     12   Next: 19%
Gold:   373        EV: 15    Int: 34    God:    Ashenzari [**....] SH:  5 Dex: 15

rFire   + + .        a - melded staff of cold "Shattered Together" (curse) {rC+, rC+, Elem, Self} (curse)
rCold   . . .        (shield currently unavailable)
rNeg    . . .        P - +2 troll leather armour {Snorg}
rPois   ∞            N - +1 helmet "Shattered Anarchy" {Regen+ Int+7, Bglg, Self} (curse)
rElec   .            n - +2 cloak of the Ruined Discomfort {Elem, Melee} (curse)
rCorr   .            (gloves currently unavailable)
SInv    +            (boots unavailable)
Will    +....        e - amulet of reflection
Stlth   ++           d - ring of protection from cold {rC+, !d}
HPRegen 1.95/turn    x - +6 ring of intelligence
MPRegen 0.00/turn

%: reflection, infuse magic (-18 HP)
@: ice-armoured, blade hands, flying, studying Summonings
A: flying, sickness immunity, fire resistance 2, cold vulnerability 1, float,
innate caster, HP casting, extra vitality 1
a: End Transformation, Renounce Religion, Shatter the Chains


You were in an ice cave.
You worshipped Ashenzari.
Ashenzari was pleased with you.
You had blades for hands.
You visited 2 branches of the dungeon, and saw 12 of its levels.
You also visited: Sewer, Bailey and Ice Cave.

You collected 716 gold pieces.
You spent 343 gold pieces at shops.

Inventory:

Hand Weapons
 b - a +0 sling
   (You took it off a hobgoblin on level 3 of the Dungeon)
Missiles
 v - 2 throwing nets {=f, !d}
 F - 4 javelins
Armour
 n - the cursed +2 cloak of the Ruined Discomfort (worn) {Elem, Melee}
   (You took it off Crazy Yiuf on level 2 of the Dungeon)

   It has a curse which improves the following skills: Elements: Fire Magic, Ice
   Magic, Air Magic and Earth Magic.
   Melee Combat: Short Blades, Long Blades, Axes, Maces & Flails, Polearms,
   Staves and Unarmed Combat.
 M - the +2 robe of the Blue Moon {rElec rPois Str-4 SInv}
   (You found it in a bailey)

   Str:       It affects your strength (-4).
   rElec:     It insulates you from electricity.
   rPois:     It protects you from poison.
   SInv:      It lets you see invisible.
 N - the cursed +1 helmet "Shattered Anarchy" (worn) {Regen+ Int+7, Bglg, Self}
   (You bought it in a shop on level 9 of the Dungeon)

   Int:       It affects your intelligence (+7).
   Regen:     It increases your rate of health regeneration.
   It has a curse which improves the following skills: Beguiling: Conjurations,
   Hexes and Translocations.
   Introspection: Fighting and Spellcasting.
 P - a +2 troll leather armour (worn) {Snorg}
   (You found it on level 10 of the Dungeon)
Magical Staves
 a - the cursed staff of cold "Shattered Together" (melded) {rC+, rC+, Elem, Self}
   (You acquired it on level 7 of the Dungeon)

   [staff of cold]

   Base accuracy: +5 Base damage: 5 Base attack delay: 1.2 This weapon's minimum
   attack delay (0.6) is reached at skill level 12.
   rC:        It protects you from cold.
   It falls into the 'Staves' category.
   It is a one-handed weapon.
   It has a curse which improves the following skills: Elements: Fire Magic, Ice
   Magic, Air Magic and Earth Magic.
   Introspection: Fighting and Spellcasting.
 G - a staff of poison {rPois}
   (You found it on level 7 of the Dungeon)
 O - a staff of cold {rC+}
   (You found it on level 9 of the Dungeon)
Jewellery
 d - a ring of protection from cold (left blade hand) {rC+, !d}
   (You found it on level 1 of the Dungeon)
 e - an amulet of reflection (around neck)
   (You found it on level 1 of the Dungeon)
 w - an amulet of the acrobat
   (You found it on level 4 of the Dungeon)
 x - a +6 ring of intelligence (right blade hand)
   (You found it on level 4 of the Dungeon)
 C - a ring of resist corrosion
   (You found it on level 6 of the Dungeon)
 E - a ring of protection from fire {rF+, !d}
   (You found it on level 6 of the Dungeon)
Wands
 i - a wand of digging (4)
   (You took it off Sigmund on level 2 of the Dungeon)
 o - a wand of polymorph (2)
   (You found it on level 9 of the Dungeon)
 p - a wand of mindburst (18)
   (You found it on level 3 of the Dungeon)
 y - a wand of flame (18)
   (You found it on level 4 of the Dungeon)
 A - a wand of iceblast (24)
   (You found it on level 5 of the Dungeon)
Scrolls
 f - a scroll of silence
 l - a scroll of poison
 m - a scroll of enchant weapon
 q - 4 scrolls of teleportation
 r - a scroll of fog
 u - a scroll of blinking {!r}
 B - 2 scrolls of amnesia
 I - a scroll of magic mapping {!r}
 J - a scroll of brand weapon
 K - a scroll of enchant armour
 L - a scroll of acquirement
Potions
 c - 6 potions of curing
 g - 2 potions of might
 h - 3 potions of mutation {!q}
 j - 2 potions of heal wounds
 k - 3 potions of brilliance
 t - 3 potions of enlightenment
 z - a potion of lignification {!q}
 D - 3 potions of haste
 H - a potion of attraction {!q}


   Skills:
 - Level 9.5(10.7) Fighting
 + Level 7.1(8.3) Staves
 + Level 8.9 Dodging
 - Level 1.5 Stealth
 - Level 9.5(10.7) Spellcasting
 - Level 9.5(10.7) Conjurations
 - Level 9.5(10.7) Hexes
 - Level 9.5 Summonings
 - Level 9.5 Necromancy
 - Level 9.5(10.7) Translocations
 - Level 9.5 Transmutations
 - Level 9.5(10.7) Fire Magic
 - Level 9.5(10.7) Ice Magic
 - Level 9.5(10.7) Air Magic
 - Level 9.5(10.7) Earth Magic
 - Level 9.5 Poison Magic


You knew the following spells:

 Your Spells              Type           Power      Damage    Failure   Level
a - Freeze                Ice            100%       1d10      5%          1
b - Frozen Ramparts       Ice            100%       1d16      8%          3
c - Summon Ice Beast      Ice/Summ       72%        N/A       12%         4
d - Wereblood             Tmut           70%        N/A       7%          2
e - Momentum Strike       Conj/Tloc      100%       3d10      6%          2
f - Fulminant Prism       Conj/Hex       37%        3d18      12%         4
s - Slow                  Hex            100%       N/A       5%          1
x - Blade Hands           Tmut           35%        N/A       21%         5
A - Ozocubu's Armour      Ice            74%        N/A       8%          3
Your spell library was empty.

Dungeon Overview and Level Annotations

Branches:
Dungeon (11/15)            Temple (1/1) D:6            Lair (0/5) D:8
    Orc (0/2) D:9           Sewer (visited)          Bailey (visited)
  IceCv (1/1)

Altars:
Ashenzari
Cheibriados
Dithmenos
Elyvilon
Fedhas
Gozag
Hepliaklqana
Makhleb
Nemelex Xobeh
Okawaru
Qazlal
Ru
Trog
Uskayaw
Wu Jian
Xom
Yredelemnul
Zin
The Shining One

Shops:
D:9 [


Innate Abilities, Weirdness & Mutations

You have blades for hands.
You are flying.
Your spellcasting is less reliable in this form.
You are incapable of wielding weapons or throwing items.
You are immune to sickness and miasma.
You are immune to poison.
Your flesh is very heat resistant. (rF++)
You are vulnerable to cold. (rC-)
You float through the air rather than walking.
You learn spells naturally, not from books.
Your magical power is your life essence.
You have superior vitality. (+4 MHP)


Message History

You regained 2 hp, and now have 38/93 hp.
Really fly into that cloud of freezing vapour? [Y]es or [N]o only, please.
Really fly into that cloud of freezing vapour? [Y]es or [N]o only, please.
Really fly into that cloud of freezing vapour? [Y]es or [N]o only, please.
Really fly into that cloud of freezing vapour?
Okay, then.
You start resting.
Your transformation is almost over.
You regained 7 hp, and now have 45/93 hp.
You start resting.
Your hands revert to their normal proportions.
The cursed staff of cold "Shattered Together" {rC+, rC+, Elem, Self} unmelds from your body.
You regained 21 hp, and now have 66/94 hp.
You start resting.
You hear the faint crackling of a melting archway.
You regained 9 hp, and now have 75/94 hp.
You start resting.
Your ice beast disappears in a puff of smoke!
You regained 6 hp, and now have 81/94 hp.
You start resting.
Your icy armour starts to melt.
You regained 4 hp, and now have 85/94 hp.
You start resting.
Your icy armour evaporates.
Health restored: 94
There is a frozen archway here.
The world spins around you as you enter the gateway.
You enter an ice cave!
Found an ice covered gate leading back out of this place.
There is an ice choked empty arch of ancient stone here.
Casting: Blade Hands (dangerous; 1% risk of failure)
Confirm with . or Enter, or press ? or * to list all spells.
You feel a surge of power! A film of ice covers your body!
The death yak simulacrum completely misses you.
The death yak simulacrum closely misses you.
You take 1 damage, and have 93/94 hp.
Casting: Ozocubu's Armour (safe; 1% risk of failure)
Confirm with . or Enter, or press ? or * to list all spells.
Your hands turn into razor-sharp scythe blades.
The cursed staff of cold "Shattered Together" {rC+, rC+, Elem, Self} melds into your body.
The death yak simulacrum completely misses you.
The death yak simulacrum gores you. The death yak simulacrum freezes you!!
You take 41 damage, and have 52/93 hp.
MASSIVE DAMAGE!!
You slash the death yak simulacrum! The wolf simulacrum bites you.
The wolf simulacrum freezes you! The wolf simulacrum closely misses you.
You take 13 damage, and have 39/93 hp.
You hit the death yak simulacrum but do no damage.
You block the death yak simulacrum's attack.
The death yak simulacrum barely misses you.
The wolf simulacrum bites you but does no damage.
You regained 2 hp, and now have 41/93 hp.
You hit the death yak simulacrum. You block the wolf simulacrum's attack.
The death yak simulacrum gores you but does no damage.
The death yak simulacrum gores you. The death yak simulacrum freezes you!
* * * LOW HITPOINT WARNING * * *
You block the wolf simulacrum's attack.
You take 14 damage, and have 27/93 hp.
You slash the death yak simulacrum! The wolf simulacrum misses you.
You block the death yak simulacrum's attack.
The death yak simulacrum gores you but does no damage.
You regained 2 hp, and now have 29/93 hp.
You slice the death yak simulacrum!! The wolf simulacrum misses you.
The wolf simulacrum barely misses you. The wolf simulacrum bites you.
The wolf simulacrum freezes you!
* * * LOW HITPOINT WARNING * * *
The death yak simulacrum gores you but does no damage.
You take 9 damage, and have 20/93 hp.
You completely miss the death yak simulacrum.
The wolf simulacrum closely misses you.
The wolf simulacrum bites you but does no damage.
You regained 2 hp, and now have 22/93 hp.
You slash the death yak simulacrum!
The wolf simulacrum bites you but does no damage.
The wolf simulacrum barely misses you.
The death yak simulacrum gores you but does no damage.
The wolf simulacrum completely misses you.
The wolf simulacrum bites you but does no damage.
Casting: Blade Hands (dangerous; 21% risk of failure)
Confirm with . or Enter, or press ? or * to list all spells.
Okay, then.
You hit the death yak simulacrum.
The wolf simulacrum bites you but does no damage. x2
The death yak simulacrum misses you.
You regained 2 hp, and now have 25/93 hp.
You hit the death yak simulacrum.
The wolf simulacrum barely misses you. x2
The death yak simulacrum gores you but does no damage.
You regained 2 hp, and now have 27/93 hp.
You slash the death yak simulacrum!
The wolf simulacrum closely misses you. x3
The wolf simulacrum bites you but does no damage.
You regained 2 hp, and now have 29/93 hp.
You hit the death yak simulacrum but do no damage.
You block the wolf simulacrum's attack.
The wolf simulacrum bites you but does no damage.
The death yak simulacrum gores you!
* * * LOW HITPOINT WARNING * * *
The death yak simulacrum freezes you!!!
You die...

* ##### ####### *
($$..# ##.....#
[.....###......#
,
......Z#.......#
,
......Z@..∩..∩.#
,
*......Z#.......#
,
).....###......#
, [?[..# ##.....#
* * #####*
#######


You could see 2 wolf simulacra and a death yak simulacrum.

Vanquished Creatures
  An orc warlord (Bailey)
  Snorg (D:10)
  Erica (D:8)
  A hornet (D:9)
  A troll (D:9)
  Sigmund (D:2)
  7 yaks (D:8)
  2 wyverns
  A basilisk (D:8)
  4 vampire mosquitoes
  Eustachio (D:6)
  A death yak simulacrum (IceCv)
  7 water moccasins
  9 orc warriors
  5 black bears
  3 wolves (D:8)
  3 centaurs
  3 kobold brigands
  2 gnoll sergeants
  4 scorpions
  A wight (D:10)
  4 killer bees
  4 howler monkeys
  4 orc priests
  A hound (D:4)
  Crazy Yiuf (D:2)
  A gnoll bouda (D:4)
  Terence (D:2)
  4 orc wizards
  3 spriggan simulacra (D:11)
  9 gnolls
  A naga simulacrum (D:11)
  A river rat (D:6)
  6 adders
  A shadow imp (D:6)
  2 ufetubi (D:4)
  2 worms (D:2)
  3 dart slugs
  43 orcs
  8 ball pythons
  10 bats
  5 endoplasms
  4 giant cockroaches
  13 hobgoblins
  22 kobolds
  4 quokkas
  2 frilled lizards
  7 goblins
  6 rats
231 creatures vanquished.

Vanquished Creatures (collateral kills)
  A kobold demonologist (D:10)
  7 yaks (D:8)
  3 vampire mosquitoes
  An acid dragon (D:10)
  4 orc warriors
  An ice beast (D:5)
  An ogre (D:5)
  A wolf (D:8)
  A centaur (D:10)
  2 kobold brigands
  A bullfrog (D:8)
  2 scorpions
  A wight (D:10)
  3 killer bees
  A howler monkey (D:9)
  3 orc priests
  A sleepcap (D:5)
  3 orc wizards
  A troll simulacrum (D:11)
  5 gnolls
  An ufetubus (D:5)
  5 orcs
  12 kobolds
  2 goblins (Bailey)
63 creatures vanquished.

Vanquished Creatures (others)
  10 fulminant prisms
10 creatures vanquished.

Grand Total: 304 creatures vanquished

Notes
Turn   | Place    | Note
-------+----------+-------------------------------------------
     0 | D:1      | IndexError the Djinni Ice Elementalist began the quest for
                  | the Orb.
     0 | D:1      | IndexError set off with the following spells memorised:
                  | Freeze, Frozen Ramparts, Ozocubu's Armour, Summon Ice
                  | Beast.
     0 | D:1      | Reached XP level 1. HP: 15/15 MP: 0/0
    90 | D:1      | Reached XP level 2. HP: 21/21 MP: 0/0
   108 | D:1      | HP: 5/21 [gnoll/+0 club (7)]
   216 | D:1      | Reached XP level 3. HP: 21/25 MP: 0/0
   216 | D:1      | Learned a level 1 spell: Slow
   296 | D:1      | Reached skill level 4 in Spellcasting
   296 | D:1      | Reached skill level 4 in Conjurations
   296 | D:1      | Reached skill level 4 in Hexes
   296 | D:1      | Reached skill level 4 in Summonings
   296 | D:1      | Reached skill level 4 in Necromancy
   296 | D:1      | Reached skill level 4 in Translocations
   296 | D:1      | Reached skill level 4 in Transmutations
   296 | D:1      | Reached skill level 4 in Fire Magic
   296 | D:1      | Reached skill level 4 in Ice Magic
   296 | D:1      | Reached skill level 4 in Air Magic
   296 | D:1      | Reached skill level 4 in Earth Magic
   296 | D:1      | Reached skill level 4 in Poison Magic
   369 | D:1      | Found a faded altar of an unknown god.
   840 | D:2      | Noticed Terence
   860 | D:2      | HP: 6/25 [Terence/+1 flail of holy wrath (1)]
   861 | D:2      | Killed Terence
   862 | D:2      | Reached XP level 4. HP: 7/31 MP: 0/0
   984 | D:2      | Noticed Sigmund
  1001 | D:2      | Killed Sigmund
  1002 | D:2      | Reached skill level 5 in Spellcasting
  1002 | D:2      | Reached skill level 5 in Conjurations
  1002 | D:2      | Reached skill level 5 in Hexes
  1002 | D:2      | Reached skill level 5 in Summonings
  1002 | D:2      | Reached skill level 5 in Necromancy
  1002 | D:2      | Reached skill level 5 in Translocations
  1002 | D:2      | Reached skill level 5 in Transmutations
  1002 | D:2      | Reached skill level 5 in Fire Magic
  1002 | D:2      | Reached skill level 5 in Ice Magic
  1002 | D:2      | Reached skill level 5 in Air Magic
  1002 | D:2      | Reached skill level 5 in Earth Magic
  1002 | D:2      | Reached skill level 5 in Poison Magic
  1002 | D:2      | Reached XP level 5. HP: 25/35 MP: 0/0
  1002 | D:2      | Learned a level 2 spell: Wereblood
  1002 | D:2      | Reached XP level 6. HP: 29/40 MP: 0/0
  1545 | D:2      | Found a runed translucent door.
  1546 | D:2      | Noticed Crazy Yiuf
  1714 | D:2      | Killed Crazy Yiuf
  2760 | D:4      | Reached skill level 6 in Spellcasting
  2760 | D:4      | Reached skill level 6 in Conjurations
  2760 | D:4      | Reached skill level 6 in Hexes
  2760 | D:4      | Reached skill level 6 in Summonings
  2760 | D:4      | Reached skill level 6 in Necromancy
  2760 | D:4      | Reached skill level 6 in Translocations
  2760 | D:4      | Reached skill level 6 in Transmutations
  2760 | D:4      | Reached skill level 6 in Fire Magic
  2760 | D:4      | Reached skill level 6 in Ice Magic
  2760 | D:4      | Reached skill level 6 in Air Magic
  2760 | D:4      | Reached skill level 6 in Earth Magic
  2760 | D:4      | Reached skill level 6 in Poison Magic
  2904 | D:4      | Reached XP level 7. HP: 44/45 MP: 0/0
  2904 | D:4      | Learned a level 2 spell: Momentum Strike
  3699 | D:5      | Entered Level 5 of the Dungeon
  3885 | D:5      | Reached skill level 7 in Spellcasting
  3885 | D:5      | Reached skill level 7 in Conjurations
  3885 | D:5      | Reached skill level 7 in Hexes
  3885 | D:5      | Reached skill level 7 in Summonings
  3885 | D:5      | Reached skill level 7 in Necromancy
  3885 | D:5      | Reached skill level 7 in Translocations
  3885 | D:5      | Reached skill level 7 in Transmutations
  3885 | D:5      | Reached skill level 7 in Fire Magic
  3885 | D:5      | Reached skill level 7 in Ice Magic
  3885 | D:5      | Reached skill level 7 in Air Magic
  3885 | D:5      | Reached skill level 7 in Earth Magic
  3885 | D:5      | Reached skill level 7 in Poison Magic
  3885 | D:5      | Reached XP level 8. HP: 48/50 MP: 0/0
  4144 | D:5      | Reached skill level 8 in Spellcasting
  4144 | D:5      | Reached skill level 8 in Conjurations
  4144 | D:5      | Reached skill level 8 in Hexes
  4144 | D:5      | Reached skill level 8 in Summonings
  4144 | D:5      | Reached skill level 8 in Necromancy
  4144 | D:5      | Reached skill level 8 in Translocations
  4144 | D:5      | Reached skill level 8 in Transmutations
  4144 | D:5      | Reached skill level 8 in Fire Magic
  4144 | D:5      | Reached skill level 8 in Ice Magic
  4144 | D:5      | Reached skill level 8 in Air Magic
  4144 | D:5      | Reached skill level 8 in Earth Magic
  4144 | D:5      | Reached skill level 8 in Poison Magic
  4181 | D:5      | Found a bloodstained altar of Trog.
  4396 | D:5      | Found a shadowy altar of Dithmenos.
  4408 | D:5      | Reached skill level 1 in Fighting
  4674 | D:6      | Reached skill level 2 in Fighting
  4698 | D:6      | Reached XP level 9. HP: 55/59 MP: 0/0
  4698 | D:6      | Learned a level 4 spell: Fulminant Prism
  4746 | D:6      | Reached skill level 3 in Fighting
  4833 | D:6      | Found a glowing drain.
  4838 | Sewer    | Entered a sewer
  4963 | D:6      | Reached skill level 4 in Fighting
  5078 | D:6      | Noticed Eustachio
  5084 | D:6      | Killed Eustachio
  5200 | D:6      | Found a staircase to the Ecumenical Temple.
  5209 | Temple   | Entered the Ecumenical Temple
  5441 | Temple   | Became a worshipper of Ashenzari the Shackled
  5550 | D:6      | Found a sacrificial altar of Ru.
  6210 | D:7      | Identified a scroll of acquirement
  6215 | D:7      | Acquired a staff of cold
  6250 | D:7      | Reached skill level 5 in Fighting
  6488 | D:7      | Reached skill level 9 in Spellcasting
  6488 | D:7      | Reached skill level 9 in Conjurations
  6488 | D:7      | Reached skill level 9 in Hexes
  6488 | D:7      | Reached skill level 9 in Summonings
  6488 | D:7      | Reached skill level 9 in Necromancy
  6488 | D:7      | Reached skill level 9 in Translocations
  6488 | D:7      | Reached skill level 9 in Transmutations
  6488 | D:7      | Reached skill level 9 in Fire Magic
  6488 | D:7      | Reached skill level 9 in Ice Magic
  6488 | D:7      | Reached skill level 9 in Air Magic
  6488 | D:7      | Reached skill level 9 in Earth Magic
  6488 | D:7      | Reached skill level 9 in Poison Magic
  6743 | D:7      | Found a glowing silver altar of Zin.
  6830 | D:8      | Reached skill level 6 in Fighting
  6831 | D:8      | Reached XP level 10. HP: 61/73 MP: 0/0
  6841 | D:8      | HP: 14/73 [yak (6)]
  7135 | D:8      | Reached skill level 7 in Fighting
  7140 | D:8      | Reached skill level 8 in Fighting
  7148 | D:8      | Reached skill level 9 in Fighting
  7237 | D:8      | Found a staircase to the Lair.
  7814 | D:8      | Reached skill level 1 in Staves
  7818 | D:8      | Reached skill level 3 in Dodging
  7833 | D:8      | Reached skill level 2 in Staves
  7833 | D:8      | Reached XP level 11. HP: 79/85 MP: 0/0
  7833 | D:8      | Learned a level 5 spell: Blade Hands
  7845 | D:8      | Reached skill level 4 in Dodging
  8126 | D:8      | Noticed Erica
  8133 | D:8      | Killed Erica
  8134 | D:8      | Reached skill level 3 in Staves
  8134 | D:8      | Reached skill level 5 in Dodging
  8426 | D:9      | Found a staircase to the Orcish Mines.
  8490 | D:9      | Reached * piety under Ashenzari
  8584 | D:9      | Reached skill level 4 in Staves
  8603 | D:9      | Found a flagged portal.
  8659 | Bailey   | Entered a bailey
  8703 | Bailey   | Reached skill level 6 in Dodging
  8748 | Bailey   | Noticed an orc warlord
  8861 | Bailey   | Identified the +2 robe of the Blue Moon {rElec rPois Str-4
                  | SInv}
  8955 | Bailey   | Found a runed translucent gate.
  8959 | Bailey   | Found a runed translucent gate.
  8961 | Bailey   | Found a runed translucent gate.
  9067 | Bailey   | Killed an orc warlord
  9068 | Bailey   | Reached skill level 5 in Staves
  9264 | D:9      | Reached skill level 7 in Dodging
  9355 | D:9      | Found Tiducs's Armour Shoppe.
  9384 | D:9      | Bought the +1 helmet "Ahaniod" {Regen+ Int+7} for 343 gold
                  | pieces
  9790 | D:10     | Entered Level 10 of the Dungeon
  9801 | D:10     | Reached skill level 6 in Staves
  9847 | D:10     | Reached skill level 8 in Dodging
  9871 | D:10     | Found a large runed translucent door.
  9872 | D:10     | Found a large runed translucent door.
  9884 | D:10     | Noticed Snorg
  9903 | D:10     | Killed Snorg
  9904 | D:10     | Reached XP level 12. HP: 80/92 MP: 0/0
 10353 | D:10     | Found a white marble altar of Elyvilon.
 10356 | D:10     | Found an ornate altar of the Wu Jian Council.
 10416 | D:11     | Reached skill level 7 in Staves
 10419 | D:10     | Reached ** piety under Ashenzari
 10489 | D:11     | Found a frozen archway.
 10546 | IceCv    | Entered an ice cave
 10556 | IceCv    | HP: 20/93 [wolf simulacrum (9)]
 10562 | IceCv    | Demolished by a death yak simulacrum

Illustrated notes

Levels and vault maps discovered:
D:1:      mrwooster_arrival_statue_2, layout_rooms,
          shapermc_ecumenical_altar_mp_ritualfount
D:2:      layout_loops_ring, minmay_misc_feat_four_crosses, minmay_unequal,
          uniq_sigmund, uniq_terence, uniq_crazy_yiuf_cottage
D:3:      layout_basic, chequers_serial_rivers_small_3,
          chequers_serial_rivers_micro_b
D:4:      layout_loops_ring, hangedman_glass_teeth
D:5:      layout_cave_pools, lemuel_tele_altar, mainiacjoe_overflow_brackets
D:6:      layout_basic, nicolae_ru_path_of_blood,
          minmay_temple_entry_statues_fountains, gup_sewer_entry_bowl,
          uniq_eustachio
D:7:      layout_rooms, mainiacjoe_overflow_tiny_flanked
D:8:      layout_loops_corners, minmay_lair_entry_grove,
          kennysheep_cross_bottleneck, uniq_erica
D:9:      layout_roguey, orc_david_3, enter_bailey_5, kennysheep_generic_room_10
D:10:     layout_big_octagon, jmf_multi_god_temple2, uniq_snorg
D:11:     minmay_the_grid_four_pointed_star
          [minmay_the_grid_triangle_9x9_subtriangle,
          minmay_the_grid_triangle_9x9_sprig,
          minmay_the_grid_triangle_9x9_zippers_horizontal,
          minmay_the_grid_triangle_9x9_zippers_vertical,
          minmay_the_grid_prize_inner_circle], layout_stronghold,
          portal_ice_cave_entry_ice_simulacra
Temple:   nicolae_temple_slightly_damp_pantheon
IceCv:    ice_cave_statue_garden_chambered

Skill      XL: |  1  2  3  4  5  6  7  8  9 10 11 12 |
---------------+-------------------------------------+-----
Spellcasting   | 4 5 6 7 8 9 |  9.5
Conjurations   | 4 5 6 7 8 9 |  9.5
Hexes          | 4 5 6 7 8 9 |  9.5
Summonings     | 4 5 6 7 8 9 |  9.5
Necromancy     | 4 5 6 7 8 9 |  9.5
Translocations | 4 5 6 7 8 9 |  9.5
Transmutations | 4 5 6 7 8 9 |  9.5
Fire Magic     | 4 5 6 7 8 9 |  9.5
Ice Magic      | 4 5 6 7 8 9 |  9.5
Air Magic      | 4 5 6 7 8 9 |  9.5
Earth Magic    | 4 5 6 7 8 9 |  9.5
Poison Magic   | 4 5 6 7 8 9 |  9.5
Fighting       | 2 6 9 |  9.5
Staves         | 2 6 7 |  7.1
Dodging        | 3 8 |  8.9
Stealth        | |  1.5

Action                     |  1- 3 |  4- 6 |  7- 9 | 10-12 || total
---------------------------+-------+-------+-------+-------++-------
  Melee: Spear             |    24 |    33 |       |       ||    57
         Punch             |     1 |       |     2 |     1 ||     4
         Staff             |       |       |    21 |   110 ||   131
         Unarmed           |       |       |       |    30 ||    30
   Fire: Sling             |       |    23 |   159 |       ||   182
   Cast: Freeze            |    37 |    43 |    70 |    32 ||   182
         Frozen Ramparts   |     2 |     3 |    19 |    25 ||    49
         Ozocubu's Armour  |     1 |     2 |     4 |     7 ||    14
         Summon Ice Beast  |       |       |     7 |    36 ||    43
         Slow              |       |       |     1 |       ||     1
         Momentum Strike   |       |       |       |     3 ||     3
         Fulminant Prism   |       |       |       |    10 ||    10
         Wereblood         |       |       |       |     2 ||     2
         Blade Hands       |       |       |       |     5 ||     5
 Invoke: Curse Item        |       |       |     1 |     2 ||     3
    Use: Scroll            |       |       |    13 |     1 ||    14
   Stab: Sleeping          |     6 |     1 |       |       ||     7
         Distracted        |       |       |       |     2 ||     2
 Armour: Robe              |     2 |     5 |    35 |    73 ||   115
         Troll leather arm |       |       |       |    28 ||    28
  Dodge: Dodged            |    15 |    28 |    99 |   176 ||   318
  Block: Other             |     4 |    14 |    38 |    60 ||   116
         Reflection        |       |     1 |       |     5 ||     6

Table legend: (Time is in decaauts)
 A = Elapsed time spent in this place.
 B = Non-inter-level travel time spent in this place.
 C = Inter-level travel time spent in this place.
 D = Time resting spent in this place.
 E = Time spent auto-exploring this place.
 F = Levels seen in this place.
 G = Mean time per level.
                   A        B        C        D        E       F      G
               +--------+--------+--------+--------+--------+-----+--------+
         Total |  10648 |   9861 |    787 |     94 |   7470 |  15 |  709.9 |
       Dungeon |   9777 |   9016 |    761 |     94 |   6907 |  11 |  888.8 |
        Temple |    242 |    216 |     26 |      0 |    197 |   1 |  242.0 |
         Sewer |    100 |    100 |      0 |      0 |     69 |   1 |  100.0 |
        Bailey |    512 |    512 |      0 |      0 |    297 |   1 |  512.0 |
      Ice Cave |     15 |     15 |      0 |      0 |      0 |   1 |   15.0 |
               +--------+--------+--------+--------+--------+-----+--------+

Top non-repeatable levels by time:
     D:8: 1409 daAuts
     D:2: 1167 daAuts
     D:4: 1115 daAuts
     D:6: 1071 daAuts
     D:7: 1042 daAuts
     D:3: 885 daAuts
     D:5: 824 daAuts
     D:9: 805 daAuts
     D:1: 701 daAuts
    D:10: 623 daAuts
  Bailey: 512 daAuts
  Temple: 242 daAuts
    D:11: 130 daAuts
   Sewer: 100 daAuts
   IceCv: 15 daAuts

Levels and vault maps discovered:
D:1:      mrwooster_arrival_statue_2, layout_rooms,
          shapermc_ecumenical_altar_mp_ritualfount
D:2:      layout_loops_ring, minmay_misc_feat_four_crosses, minmay_unequal,
          uniq_sigmund, uniq_terence, uniq_crazy_yiuf_cottage
D:3:      layout_basic, chequers_serial_rivers_small_3,
          chequers_serial_rivers_micro_b
D:4:      layout_loops_ring, hangedman_glass_teeth
D:5:      layout_cave_pools, lemuel_tele_altar, mainiacjoe_overflow_brackets
D:6:      layout_basic, nicolae_ru_path_of_blood,
          minmay_temple_entry_statues_fountains, gup_sewer_entry_bowl,
          uniq_eustachio
D:7:      layout_rooms, mainiacjoe_overflow_tiny_flanked
D:8:      layout_loops_corners, minmay_lair_entry_grove,
          kennysheep_cross_bottleneck, uniq_erica
D:9:      layout_roguey, orc_david_3, enter_bailey_5, kennysheep_generic_room_10
D:10:     layout_big_octagon, jmf_multi_god_temple2, uniq_snorg
D:11:     minmay_the_grid_four_pointed_star
          [minmay_the_grid_triangle_9x9_subtriangle,
          minmay_the_grid_triangle_9x9_sprig,
          minmay_the_grid_triangle_9x9_zippers_horizontal,
          minmay_the_grid_triangle_9x9_zippers_vertical,
          minmay_the_grid_prize_inner_circle], layout_stronghold,
          portal_ice_cave_entry_ice_simulacra
Temple:   nicolae_temple_slightly_damp_pantheon
IceCv:    ice_cave_statue_garden_chambered

Table legend: (Time is in decaauts)
 A = Elapsed time spent in this place.
 B = Non-inter-level travel time spent in this place.
 C = Inter-level travel time spent in this place.
 D = Time resting spent in this place.
 E = Time spent auto-exploring this place.
 F = Levels seen in this place.
 G = Mean time per level.
                   A        B        C        D        E       F      G
               +--------+--------+--------+--------+--------+-----+--------+
         Total |  10648 |   9861 |    787 |     94 |   7470 |  15 |  709.9 |
       Dungeon |   9777 |   9016 |    761 |     94 |   6907 |  11 |  888.8 |
        Temple |    242 |    216 |     26 |      0 |    197 |   1 |  242.0 |
         Sewer |    100 |    100 |      0 |      0 |     69 |   1 |  100.0 |
        Bailey |    512 |    512 |      0 |      0 |    297 |   1 |  512.0 |
      Ice Cave |     15 |     15 |      0 |      0 |      0 |   1 |   15.0 |
               +--------+--------+--------+--------+--------+-----+--------+

Top non-repeatable levels by time:
     D:8: 1409 daAuts
     D:2: 1167 daAuts
     D:4: 1115 daAuts
     D:6: 1071 daAuts
     D:7: 1042 daAuts
     D:3: 885 daAuts
     D:5: 824 daAuts
     D:9: 805 daAuts
     D:1: 701 daAuts
    D:10: 623 daAuts
  Bailey: 512 daAuts
  Temple: 242 daAuts
    D:11: 130 daAuts
   Sewer: 100 daAuts
   IceCv: 15 daAuts

Table legend:
 A = Kills in this place as a percentage of kills in the entire game.
 B = Kills by you in this place as a percentage of kills by you in the entire game.
 C = Kills by friends in this place as a percentage of kills by friends in the entire game.
 D = Other kills in this place as a percentage of other kills in the entire game.
 E = Experience gained in this place as a percentage of experience gained in the entire game.
 F = Experience gained in this place divided by the number of levels of this place that you have seen.
                   A       B       C       D       E      F
               +-------+-------+-------+-------+-------+----------------------
         Total | 100.0 | 100.0 | 100.0 |   N/A | 100.0 | 1175.1
       Dungeon |  88.8 |  90.0 |  84.1 |   N/A |  86.7 | 1389.5
         Sewer |   2.7 |   3.5 |   0.0 |   N/A |   0.9 | 155.0
        Bailey |   8.2 |   6.1 |  15.9 |   N/A |  11.4 | 2018.0
      Ice Cave |   0.3 |   0.4 |   0.0 |   N/A |   1.0 | 169.0
               +-------+-------+-------+-------+-------+----------------------
